 Dungeon Crawl Stone Soup version 0.18.1-50-g88ac8fd (webtiles) character file.

2348 Nordron the Magician (level 9, -2/48 HPs)
             Began as a Gargoyle Fire Elementalist on Sept 27, 2016.
             Was a Believer of Vehumet.
             Shot with a sling bullet by Joseph (5 damage)
             ... on level 7 of the Dungeon.
             The game lasted 00:32:33 (7129 turns).

Nordron the Magician (Gargoyle Fire Elementalist)   Turns: 7129, Time: 00:32:34

Health: -2/48      AC: 10    Str: 13    XL:     9   Next: 43%
Magic:  13/20      EV: 12    Int: 18    God:    Vehumet [**....]
Gold:   180        SH:  0    Dex: 10    Spells: 4 memorised, 9 levels left

rFire  . . .     SeeInvis .     x - +3 flail (holy)
rCold  . . .     Gourm    .     M - +0 robe
rNeg   + . .     Faith    .     (no shield)
rPois  ∞         Spirit   .     v - +0 helmet
rElec  +         Dismiss  .     r - +0 cloak
rCorr  +         Reflect  .     (no gloves)
SustAt .         Harm     .     (no boots)
MR     .....                    (no amulet)
Stlth  ++........               L - ring of resist corrosion
                                g - ring of wizardry

@: not resistant to hostile enchantments, unstealthy
A: negative energy resistance 1, electricity resistance, unbreathing,
petrification resistance, rot immunity, AC +5
a: Renounce Religion


You were on level 7 of the Dungeon.
You worshipped Vehumet.
Vehumet was pleased with you.
You were not hungry.

You visited 1 branch of the dungeon, and saw 7 of its levels.
You also visited: Sewer.

You collected 255 gold pieces.
You spent 75 gold pieces at shops.

Inventory:

Hand Weapons
 x - a +3 flail of holy wrath (weapon)
 z - a +1 great mace of protection
Armour
 r - a +0 cloak (worn)
 t - a cursed +0 leather armour
 v - a +0 helmet (worn)
 M - a +0 robe (worn)
 N - a +4 scale mail
Jewellery
 g - a ring of wizardry (left hand)
 y - an uncursed ring of ice
 L - a ring of resist corrosion (right hand)
Wands
 B - a wand of polymorph (11/24)
 D - a wand of lightning (3/15)
 H - a wand of slowing (25/48)
 Q - a wand of enslavement (10/24)
Scrolls
 e - a scroll of remove curse
 m - 5 scrolls of identify
 p - 2 scrolls of blinking {unknown}
 q - 2 scrolls of fog {unknown}
 A - 2 scrolls of recharging {unknown}
 E - a scroll of enchant weapon {unknown}
 F - a scroll of noise {unknown}
 G - 2 scrolls of teleportation {unknown}
 I - 2 scrolls of fear {unknown}
 J - 2 scrolls of amnesia {unknown}
 K - 3 scrolls of immolation {unknown}
 P - a scroll of vulnerability {unknown}
Potions
 a - a potion of heal wounds {unknown}
 f - a potion of might {unknown}
 h - a potion of ambrosia {unknown}
 i - a potion of haste {unknown}
 j - a potion of cure mutation {unknown}
 k - 4 potions of lignification {unknown}
 l - a potion of flight {unknown}
 n - 3 potions of curing
 u - 2 potions of degeneration {unknown}
 w - a potion of cancellation {unknown}
 C - 2 potions of brilliance {unknown}
Books
 b - a book of Flames

   Spells                             Type                      Level
   a - Flame Tongue                   Conjuration/Fire             1
   b - Throw Flame                    Conjuration/Fire             2
   c - Conjure Flame                  Conjuration/Fire             3
   d - Inner Flame                    Hexes/Fire                   3
   e - Sticky Flame                   Conjuration/Fire             4
   f - Fireball                       Conjuration/Fire             5
Comestibles
 c - 3 bread rations
 d - a meat ration
 o - a beef jerky
 s - 2 slices of pizza
 O - 2 chunks of flesh


   Skills:
 + Level 2.1 Fighting
 + Level 2.0 Maces & Flails
 + Level 2.2 Armour
 + Level 2.2 Dodging
 - Level 2.1 Stealth
 * Level 7.3 Spellcasting
 + Level 6.1 Conjurations
 + Level 6.5 Fire Magic
 + Level 1.8 Evocations


You had 9 spell levels left.
You knew the following spells:

 Your Spells              Type           Power        Failure   Level  Hunger
a - Flame Tongue          Conj/Fire      ####.        1%          1    None
b - Conjure Flame         Conj/Fire      ####....     1%          3    #......
c - Sticky Flame          Conj/Fire      ####....     4%          4    ###....
d - Fireball              Conj/Fire      ####......   10%         5    #####..


Dungeon Overview and Level Annotations

Branches:
Dungeon (7/15)
 Temple: D:4-7

Altars:
Ashenzari
Fedhas
Makhleb
Okawaru
Vehumet

Shops:
D:5 ?

Annotations:
D:7 Joseph


Innate Abilities, Weirdness & Mutations

You are resistant to torment.
Your stone body is resilient (AC +5).
You are immune to poison.
You resist negative energy.
You are resistant to electric shocks.
You can survive without breathing.
You are immune to petrification.
You are immune to rotting.


Message History

Press: ? - help, Shift-Dir - straight line, f - Joseph
Aim: Joseph, wielding a hunting sling of flaming and wearing a leather armour (moderately wounded)
The flame tongue hits Joseph.
Joseph is severely wounded.
Joseph drinks a potion.
Joseph is healed!
Casting: Flame Tongue
Confirm with . or Enter, or press ? or * to list all spells.
Aiming: Flame Tongue
Press: ? - help, Shift-Dir - straight line, f/p - Joseph
Aim: Joseph, wielding a hunting sling of flaming and wearing a leather armour (heavily wounded)
The flame tongue misses Joseph.
Joseph shoots a sling bullet.
The sling bullet hits you! The sling bullet burns you.
* * * LOW HITPOINT WARNING * * *
Casting: Flame Tongue
Confirm with . or Enter, or press ? or * to list all spells.
Okay, then.
Joseph shoots a sling bullet.
The sling bullet hits you!
* * * LOW HITPOINT WARNING * * *
The sling bullet burns you.
You die...

...# #..# ...###..
#..# ........ ..
#..## ..####. .. ....
...# ..# #. #..
.#.###..# #. #@#
........# #. #§#
##.###..# #.#####(#
##.###..# #.....@(#
........# #..######
.#..##.####..####.###
.....................
.##..#..###..####.###
.....#..# #..#
.##.....###..####.
#.#.....†........
#.#...###..####.#


You could see Joseph.

Vanquished Creatures
  Grinder (D:6)
  Sigmund (D:6)
  Edmund (D:6)
  Duvessa (D:5)
  A sky beast (D:7)
  An ogre (D:6)
  A necrophage (D:7)
  A centaur (D:5)
  6 big kobolds
  A giant frog (D:4)
  2 scorpions (D:5)
  Dowan (D:6)
  The ghost of Tasticka the Charmwright, a weakling HESk of Nemelex Xobeh (D:4)
  A crimson imp (D:6)
  2 hounds
  6 orc wizards
  A gnoll shaman (D:5)
  2 orc priests
  2 iguanas
  3 worker ants
  A worker ant zombie (D:6)
  4 gnolls (D:5)
  13 adders
  3 oozes
  3 worms (Sewer)
  A dart slug (D:1)
  5 giant geckos
  6 orcs
  5 giant cockroaches
  10 goblins
  7 hobgoblins
  18 jackals
  16 kobolds
  A quokka (D:3)
  7 ball pythons
  6 bats
  8 giant newts
  A jackal skeleton (D:4)
  A quokka skeleton (D:6)
  A quokka zombie (D:5)
  14 rats
167 creatures vanquished.

Vanquished Creatures (others)
  An adder skeleton (D:5)
1 creature vanquished.

Grand Total: 168 creatures vanquished

Notes
Turn   | Place    | Note
--------------------------------------------------------------
     0 | D:1      | Nordron the Gargoyle Fire Elementalist began the quest for the Orb.
     0 | D:1      | Reached XP level 1. HP: 10/10 MP: 3/3
   138 | D:1      | Reached XP level 2. HP: 10/15 MP: 0/5
   689 | D:1      | Reached XP level 3. HP: 19/19 MP: 3/6
   950 | D:1      | Learned a level 3 spell: Conjure Flame
  1151 | D:2      | Found an iron altar of Okawaru.
  1439 | D:2      | Reached XP level 4. HP: 24/24 MP: 5/8
  1535 | D:2      | Reached skill level 3 in Spellcasting
  2048 | D:2      | Reached XP level 5. HP: 4/28 MP: 2/10
  2329 | D:3      | Found a shattered altar of Ashenzari.
  2637 | D:3      | Found a faded altar to an unknown god.
  2939 | D:3      | Learned a level 4 spell: Sticky Flame
  3114 | D:4      | Noticed Tasticka's ghost (weakling HESk)
  3124 | D:4      | Killed Tasticka's ghost
  3124 | D:4      | Reached skill level 4 in Spellcasting
  3124 | D:4      | Reached XP level 6. HP: 22/32 MP: 1/12
  3880 | D:5      | Entered Level 5 of the Dungeon
  3880 | D:5      | Found a radiant altar of Vehumet.
  3939 | D:5      | Became a worshipper of Vehumet
  4037 | D:5      | Found Plog's Magic Scroll Shop.
  4052 | D:5      | Bought a scroll of identify for 30 gold pieces
  4052 | D:5      | Bought a scroll of remove curse for 45 gold pieces
  4179 | D:5      | Learned a level 5 spell: Fireball
  4491 | D:5      | Reached XP level 7. HP: 36/36 MP: 6/14
  4543 | D:4      | Reached skill level 5 in Spellcasting
  4859 | D:4      | Reached skill level 5 in Fire Magic
  4969 | D:5      | Reached * piety under Vehumet
  4969 | D:5      | Offered knowledge of Freeze by Vehumet.
  5007 | D:5      | Found a blossoming altar of Fedhas.
  5320 | D:5      | Found a burning altar of Makhleb.
  5454 | D:5      | Reached skill level 5 in Conjurations
  5454 | D:5      | Reached XP level 8. HP: 41/41 MP: 10/16
  5465 | D:6      | Noticed Dowan
  5467 | D:6      | Noticed Duvessa
  5472 | D:6      | Noticed Sigmund
  5472 | D:6      | Killed Dowan
  5483 | D:5      | Killed Duvessa
  5483 | D:5      | Reached skill level 6 in Spellcasting
  5712 | D:6      | Killed Sigmund
  5734 | D:6      | Noticed Edmund
  5735 | D:6      | Noticed Grinder
  5745 | D:6      | Found a glowing drain.
  5749 | Sewer    | Entered a sewer
  6377 | Sewer    | Reached ** piety under Vehumet
  6377 | Sewer    | Offered knowledge of Throw Frost by Vehumet.
  6451 | D:6      | Killed Grinder
  6451 | D:6      | Reached skill level 1 in Fighting
  6451 | D:6      | Reached skill level 1 in Maces & Flails
  6451 | D:6      | Reached skill level 1 in Armour
  6451 | D:6      | Reached skill level 7 in Spellcasting
  6451 | D:6      | Reached skill level 1 in Evocations
  6451 | D:6      | Reached XP level 9. HP: 47/47 MP: 15/19
  6466 | D:6      | Killed Edmund
  7121 | D:7      | Noticed Joseph
  7129 | D:7      | Shot with a sling bullet by Joseph

Skill      XL: |  1  2  3  4  5  6  7  8  9 |
---------------+----------------------------+-----
Conjurations   | 2 3 4 5 6 |  6.1
Spellcasting   | 3 4 5 7 |  7.3
Fire Magic     | 4 5 6 |  6.5
Fighting       | 1 2 |  2.1
Maces & Flails | 1 2 |  2.0
Armour         | 1 2 |  2.2
Dodging        | 2 |  2.2
Evocations     | 1 |  1.8
Stealth        | |  2.1

Action                   |  1- 3 |  4- 6 |  7- 9 || total
-------------------------+-------+-------+-------++-------
Melee: Unarmed           |    10 |       |       ||    10
       Whip              |    13 |    23 |    26 ||    62
       Flail             |       |       |    16 ||    16
 Cast: Flame Tongue      |    58 |   120 |   162 ||   340
       Sticky Flame      |       |     2 |     7 ||     9
       Conjure Flame     |       |       |     1 ||     1
  Use: Scroll            |       |       |     3 ||     3
  Eat: Chunk             |     2 |     9 |    11 ||    22
Armor: Robe              |    13 |    32 |    76 ||   121
Dodge: Dodged            |    27 |    55 |   110 ||   192
